 Dungeon Crawl Stone Soup version 0.30-a0-223-gcb0039aa0c (webtiles) character file.

Game seed: 14610763302331059753

86 qw the Chopper (level 4, -2/28 HPs)
             Began as a Gargoyle Fighter on Oct 9, 2022.
             Killed from afar by an orc wizard (8 damage)
             ... with a magic dart
             ... on level 3 of the Dungeon.
             The game lasted 00:00:55 (2077 turns).

qw the Chopper (Gargoyle Fighter)                   Turns: 2077, Time: 00:00:56

Health: -2/28      AC: 11    Str: 21    XL:     4   Next: 50%
Magic:  4/4        EV:  9    Int:  9    God:
Gold:   92         SH:  4    Dex:  9    Spells: 3/3 levels left

rFire   . . .      SeeInvis .    Y - +0 war axe
rCold   . . .      Faith    .    c - +0 buckler
rNeg    + . .      Spirit   .    b - +0 scale mail
rPois   inf        Reflect  .    h - +0 helmet
rElec   +          Harm     .    (no cloak)
rCorr   .          Rampage  .    (no gloves)
Will    .....                    (no boots)
Stlth   ..........               (no amulet)
HPRegen 0.24/turn                (no ring)
MPRegen 0.09/turn                (no ring)

@: no status effects
A: sickness immunity, AC +3, negative energy resistance 1, electricity
resistance, torment resistance 1, petrification resistance
a: no special abilities


You were on level 3 of the Dungeon.
You visited 1 branch of the dungeon, and saw 3 of its levels.

You collected 92 gold pieces.


Innate Abilities, Weirdness & Mutations

You are immune to sickness and miasma.
Your stone body is resilient. (AC +3)
You are immune to poison.
You resist negative energy. (rN+)
You are resistant to electric shocks. (rElec)
You are resistant to unholy torment.
You are immune to petrification.


   Skills:
 - Level 3.2 Fighting
 + Level 4.2 Axes
 - Level 3.2 Armour
 - Level 3.2 Shields


You had 3 spell levels left.
You didn't know any spells.
Your spell library was empty.

Inventory:

Hand Weapons
 a - a +0 whip
 Y - a +0 war axe (weapon)
Armour
 b - a +0 scale mail (worn)
 c - a +0 buckler (worn)
 h - a +0 helmet (worn)
 j - a +0 pair of gloves
Scrolls
 f - a scroll of identify
 i - a scroll of silence {unknown}
 l - a scroll of fog {unknown}
Potions
 d - 2 potions of might
 e - a potion of flight {unknown}
 g - a potion of haste {unknown}
 k - a potion of curing {unknown}

Dungeon Overview and Level Annotations

Branches:
Dungeon (3/15)

Altars:
Qazlal
Wu Jian


Message History

You hear some strange, mumbled words.
You are confused.
You're too confused to attack without stumbling around!
There is a strange disturbance nearby!
Something hits you but does no damage.
You're too confused to attack without stumbling around!
There is a strange disturbance nearby!
Something hits you but does no damage.
You're too confused to attack without stumbling around!
There is a strange disturbance nearby!
Something hits you.
You're too confused to attack without stumbling around!
There is a strange disturbance nearby!
You hear some strange, mumbled words.
A magic dart appears from out of thin air!
The magic dart hits you.
You're too confused to attack without stumbling around!
There is a strange disturbance nearby!
Something hits you.
You're too confused to attack without stumbling around!
There is a strange disturbance nearby!
You feel less confused. Something hits you but does no damage.
You miss something.
You hear some strange, mumbled words.
A magic dart appears from out of thin air!
The magic dart hits you but does no damage.
You hit something.
You hear some strange, mumbled words.
A magic dart appears from out of thin air!
The magic dart hits you!
You barely miss something.
Something hits you but does no damage. x2
You barely miss something. Something hits you.
You slash something!
You hear some strange, mumbled words.
A magic dart appears from out of thin air!
The magic dart hits you!
You die...

E#...#E #.##.......#.#.#..
##...####.##.#####.#.#.#..
........#%######## #.#.#..
..._....#......... #.#.###
................## #.#.#
##...###........# #.#.###
E#...#E#........# #.#....
##...###........# #.#....
##.##.).@{.....# #.'....
#......)).....# ###....
####..........######....
+..........+.........
#..........##########
.....#...... #####.#.#####
#.#.#


There were no monsters in sight!

Vanquished Creatures
  An adder (D:2)
  A worm (D:2)
  A dart slug (D:3)
  2 orcs (D:3)
  6 ball pythons
  10 endoplasms
  4 giant cockroaches
  8 hobgoblins
  2 jackals (D:1)
  A quokka (D:3)
  4 bats
  9 frilled lizards
  5 goblins
  3 kobolds
  9 rats
66 creatures vanquished.

Notes
Turn   | Place    | Note
-------+----------+-------------------------------------------
     0 | D:1      | qw the Gargoyle Fighter began the quest for the Orb.
     0 | D:1      | Reached XP level 1. HP: 14/14 MP: 1/1
     0 | D:1      | 0 ||| qw: Version: 0.2-a-17-g06abaee
     0 | D:1      | 0 ||| qw: Game counter: 2219
     0 | D:1      | 0 ||| qw: Always use a shield: true
     0 | D:1      | 0 ||| qw: God list: Okawaru
     0 | D:1      | 0 ||| qw: Allow faded altars: false
     0 | D:1      | 0 ||| qw: Do Orc after D:15 true
     0 | D:1      | 0 ||| qw: Do second Lair branch before Depths: true
     0 | D:1      | 0 ||| qw: Lair rune preference: random
     0 | D:1      | 0 ||| qw: Plans: Normal, Zot:1-4, God:TSO, Crypt, Tomb,
                  | Pan, Slime:5, Hells, Abyss, Orb
     0 | D:1      | 0 ||| PLANNING D:1-11
    40 | D:1      | Reached skill level 2 in Axes
    80 | D:1      | 80 ||| Stepping ~*~*~tactically~*~*~ (stealth).
   176 | D:1      | Reached XP level 2. HP: 19/19 MP: 2/2
   345 | D:1      | 345 ||| Stepping ~*~*~tactically~*~*~ (stealth).
   350 | D:1      | Reached skill level 3 in Axes
   387 | D:1      | Reached XP level 3. HP: 23/23 MP: 3/3
   803 | D:1      | Found a faded altar of an unknown god.
   835 | D:1      | 835 ||| READING scroll labelled IMOUS XABOATO.
   836 | D:1      | 836 ||| READING scroll labelled RAIFON BAC FIY.
   947 | D:2      | 947 ||| Stepping ~*~*~tactically~*~*~ (stealth).
  1100 | D:2      | 1100 ||| DROPPING +0 club.
  1412 | D:2      | Reached XP level 4. HP: 28/28 MP: 4/4
  1596 | D:2      | 1596 ||| UPGRADING to +0 helmet.
  1601 | D:2      | 1601 ||| READING 2 scrolls labelled RESUIS WAOD.
  1602 | D:2      | 1602 ||| READING scroll labelled SUNATU CONGYU.
  1705 | D:3      | Reached skill level 4 in Axes
  1748 | D:3      | Found an ornate altar of the Wu Jian Council.
  2050 | D:3      | Found a stormy altar of Qazlal.
  2051 | D:3      | Noticed a fire elemental
  2052 | D:3      | Noticed a water elemental
  2052 | D:3      | Noticed an earth elemental
  2052 | D:3      | Noticed an air elemental
  2076 | D:3      | HP: 6/28 [something (3)]
  2077 | D:3      | Killed from afar by an orc wizard

Levels and vault maps discovered:
D:1:      minmay_arrival_shoal_huts, layout_loops_corners,
          dreamdust_ecumenical_altar_statues, hangedman_decor_growths,
          minmay_lizard_pond
D:2:      layout_basic, minmay_pentomino_q2
D:3:      minmay_recursive_quarters, layout_basic,
          mainiacjoe_overflow_six_doors_small, nicolae_qazlal_style_of_elements,
          grunt_decor_mini_mirrors

Skill      XL: |  1  2  3  4 |
---------------+-------------+-----
Axes           | 2 3 4 |  4.2
Fighting       | |  3.2
Armour         | |  3.2
Shields        | |  3.2

Action                   |  1- 3 |  4- 6 || total
-------------------------+-------+-------++-------
Melee: War axe           |   108 |    55 ||   163
  Use: Scroll            |     2 |     2 ||     4
Armor: Scale mail        |    34 |    35 ||    69
Dodge: Dodged            |    42 |    21 ||    63
Block: Buckler           |     7 |     6 ||    13

Table legend:
 A = Non-vault XP
 B = Vault XP
 C = Vault XP percentage of total XP
 D = Non-vault monster count
 E = Vault monster count
 F = Vault count percentage of total count
                 A         B        C        D         E       F
            +---------+---------+-------+---------+---------+-------
      Total |     119 |       5 |   4.0 |      61 |       5 |   7.6
            +---------+---------+-------+---------+---------+-------
        D:1 |      48 |       4 |   7.7 |      28 |       4 |  12.5
        D:2 |      43 |       1 |   2.3 |      19 |       1 |   5.0
        D:3 |      28 |       0 |   0.0 |      14 |       0 |   0.0
            +---------+---------+-------+---------+---------+-------
